 Dungeon Crawl Stone Soup version 0.31-a0-142-g31f6795574 (webtiles) character file.

Game seed: 10153089866308382229

1114 marky1606 the Slasher (level 8, -1/60 HPs)
             Began as a Demonspawn Fighter on June 3, 2023.
             Was a Believer of Qazlal.
             Slain by a killer bee (2 damage)
             ... on level 5 of the Dungeon.
             The game lasted 00:20:24 (4681 turns).

marky1606 the Slasher (Demonspawn Fighter)          Turns: 4681, Time: 00:20:25

Health: -1/60      AC: 10    Str: 19    XL:     8   Next: 12%
Magic:  8/8        EV: 11    Int: 10    God:    Qazlal [**....]
Gold:   212        SH:  7    Dex: 12    Spells: 7/7 levels left

rFire   . . .        e - +9 sword of Zonguldrok {reap}
rCold   . . .        b - +0 buckler
rNeg    . . .        a - +0 scale mail
rPois   .            (no helmet)
rElec   .            p - +2 cloak
rCorr   .            (no gloves)
SInv    .            (no boots)
Will    .....        (no amulet) Stlth
                     h - ring of wizardry
HPRegen 0.30/turn    l - ring of flight
MPRegen 0.11/turn

%: wizardry (x1)
@: lethally poisoned (-1 -> -6), flying
A: hooves 2, repulsion field 1, demonic guardian 1, powered by pain 2
a: Renounce Religion, Upheaval


You were on level 5 of the Dungeon.
You worshipped Qazlal.
Qazlal was pleased with you.
You visited 1 branch of the dungeon, and saw 5 of its levels.
You also visited: Sewer.

You collected 212 gold pieces.

Inventory:

Hand Weapons
 e - the +9 sword of Zonguldrok (weapon) {reap}
   (You found it on level 2 of the Dungeon)
Armour
 a - a +0 scale mail (worn)
 b - a +0 buckler (worn)
 p - a +2 cloak (worn)
Jewellery
 h - a ring of wizardry (left hand)
 l - a ring of flight (right hand)
Wands
 q - a wand of iceblast (2)
Scrolls
 d - 3 scrolls of teleportation {unknown}
 g - 3 scrolls of identify {unknown}
 j - 2 scrolls of magic mapping {unknown}
 m - a scroll of enchant weapon {unknown}
 s - a scroll of immolation {unknown}
 u - a scroll of vulnerability {unknown}
Potions
 c - a potion of might
 f - a potion of lignification {unknown}
 i - 4 potions of curing {unknown}
 k - a potion of cancellation {unknown}
 n - a potion of mutation {unknown}
 o - 2 potions of heal wounds {unknown}
 r - a potion of haste {unknown}
 t - 3 potions of attraction {unknown}
 v - a potion of berserk rage {unknown}


   Skills:
 + Level 4.2 Fighting
 * Level 6.5 Long Blades
 + Level 4.6 Armour
 - Level 0.8 Dodging
 + Level 3.6 Shields
 - Level 2.2 Unarmed Combat


You had 7 spell levels left.
You didn't know any spells.
Your spell library contained the following spells:

 Spells                   Type           Power      Damage    Failure   Level
 Beastly Appendage        Tmut           0%         N/A       45%         1
 Slow                     Hex            0%         N/A       45%         1
 Sting                    Tmut/Pois      0%         1d3       45%         1
 Poisonous Vapours        Pois/Air       0%         N/A       58%         2
 Wereblood                Tmut           0%         N/A       58%         2
 Confusing Touch          Hex            0%         N/A       82%         3
 Ozocubu's Armour         Ice            0%         N/A       82%         3
 Spider Form              Tmut/Pois      0%         N/A       82%         3
 Vampiric Draining        Necr           0%         2d6       82%         3
 Olgreb's Toxic Radiance  Pois           0%         N/A       99%         4
 Metabolic Englaciation   Hex/Ice        0%         N/A       100%        5
 Simulacrum               Ice/Necr       0%         N/A       100%        6


Dungeon Overview and Level Annotations

Branches:
Dungeon (5/15)             Temple (0/1) D:4           Sewer (visited)

Altars:
Ashenzari
Cheibriados
Hepliaklqana
Qazlal
Yredelemnul


Innate Abilities, Weirdness & Mutations

You have hoof-like feet.
You are surrounded by a mild repulsion field. (EV +2)
A weak demonic guardian rushes to your aid.
You sometimes gain power by taking damage.


Message History

You feel very sick.
The killer bee closely misses your white imp.
The killer bee stings your white imp.
Your white imp is poisoned.
The killer bee poisons your white imp!
Your white imp closely misses the killer bee.
You feel sick. The killer bee stings your white imp.
The killer bee stings your white imp!
Your white imp dies!
Your white imp disappears in a puff of smoke!
You feel sick.
You closely miss the killer bee. Your kick misses the killer bee.
The killer bee is almost dead.
You feel sick.
The killer bee stings you but does no damage.
You block the killer bee's attack.
You slash the killer bee!
You kill the killer bee!
Qazlal accepts your kill.
You feel sick. The killer bee closely misses you.
You slash the killer bee! Your kick misses the killer bee.
The killer bee is almost dead.
You feel sick. You block the killer bee's attack. The killer bee stings you.
* * * LOW HITPOINT WARNING * * *
You are lethally poisoned!
The killer bee poisons you! The killer bee barely misses you.
You miss the killer bee. Your kick misses the killer bee.
The killer bee is almost dead.
* * * LOW HITPOINT WARNING * * *
You feel sick. The killer bee stings you.
* * * LOW HITPOINT WARNING * * *
You block the killer bee's attack.
You closely miss the killer bee.
The killer bee is almost dead.
* * * LOW HITPOINT WARNING * * *
You feel very sick. You block the killer bee's attack.
The killer bee stings you but does no damage.
The killer bee stings you.
You die...

##### ##...##
##.....## #.......##
#########........#
#yy@...##........#
#y####.........#.#
#.########.>...#.###
#yy.y..# #..........
#.####.###.....#.###
#.# #.~~~....... #..
#~≈≈≈~##.... #.#
#~≈.≈~...##. #.#
#~≈~≈~##....


You could see 3 killer bees.

Vanquished Creatures
  Grinder (D:4)
  2 black bears
  A centaur (D:5)
  A scorpion (D:3)
  3 killer bees (D:5)
  A centaur zombie (D:5)
  2 black bear zombies
  2 hounds
  A gnoll bouda (D:5)
  2 iguanas
  A sleepcap (D:4)
  A hound zombie (D:4)
  7 gnolls
  2 river rats (Sewer)
  9 adders
  2 adder zombies
  An iguana zombie (D:4)
  A worm (D:5)
  3 dart slugs
  7 orcs
  8 ball pythons
  A bat zombie (D:5)
  7 endoplasms
  A giant cockroach (D:4)
  2 gnoll zombies (D:5)
  9 goblins
  4 hobgoblins
  8 kobolds
  3 quokkas
  2 ball python zombies (Sewer)
  6 bats
  2 endoplasm zombies (D:4)
  5 frilled lizards (Sewer)
  2 frilled lizard zombies (Sewer)
  A hobgoblin zombie (D:4)
  2 orc zombies (D:4)
  4 rats
  A rat zombie (Sewer)
118 creatures vanquished.

Vanquished Creatures (collateral kills)
  4 gnolls
  A ball python (D:4)
  A giant cockroach (D:4)
  A quokka (D:3)
  A rat (Sewer)
8 creatures vanquished.

Vanquished Creatures (others)
  2 killer bee zombies (D:5)
  A hound zombie (D:5)
  An iguana zombie (D:5)
  3 ball python zombies
  2 endoplasm zombies (D:4)
  A giant cockroach zombie (D:4)
  A gnoll zombie (D:5)
  A hobgoblin zombie (D:4)
  3 orc zombies
  A quokka zombie (D:3)
  A rat zombie (D:3)
17 creatures vanquished.

Grand Total: 143 creatures vanquished

Notes
Turn   | Place    | Note
-------+----------+-------------------------------------------
     0 | D:1      | marky1606 the Demonspawn Fighter began the quest for the
                  | Orb.
     0 | D:1      | Reached XP level 1. HP: 18/18 MP: 1/1
   101 | D:1      | Gained mutation: You have large cloven feet. [demonic
                  | ancestry]
   101 | D:1      | Reached XP level 2. HP: 21/24 MP: 2/2
  1077 | D:2      | Gained mutation: You have hoof-like feet. [demonic
                  | ancestry]
  1077 | D:2      | Reached XP level 3. HP: 29/29 MP: 3/3
  1096 | D:2      | Found the +9 sword of Zonguldrok {reap}
  2341 | D:3      | Gained mutation: A weak demonic guardian rushes to your
                  | aid. [demonic ancestry]
  2341 | D:3      | Reached XP level 4. HP: 35/35 MP: 4/4
  2351 | D:3      | Reached skill level 1 in Long Blades
  2352 | D:3      | Found a stormy altar of Qazlal.
  2359 | D:3      | Became a worshipper of Qazlal Stormbringer
  2528 | D:3      | Found a hazy altar of Hepliaklqana.
  2637 | D:3      | Found a broken altar of Ashenzari.
  2639 | D:3      | Noticed a scorpion
  2646 | D:3      | Killed a scorpion
  2647 | D:3      | Reached skill level 2 in Long Blades
  2647 | D:3      | Gained mutation: You sometimes gain a little power by
                  | taking damage. [demonic ancestry]
  2647 | D:3      | Reached XP level 5. HP: 36/41 MP: 5/5
  2905 | D:3      | Found a basalt altar of Yredelemnul.
  3271 | D:4      | Reached * piety under Qazlal
  3274 | D:4      | Reached skill level 3 in Long Blades
  3581 | D:4      | Gained mutation: You sometimes gain power by taking damage.
                  | [demonic ancestry]
  3581 | D:4      | Reached XP level 6. HP: 47/47 MP: 6/6
  3591 | D:4      | Found a staircase to the Ecumenical Temple.
  3646 | D:4      | Noticed Grinder
  3657 | D:4      | Paralysed by Grinder for 3 turns
  3661 | D:4      | Killed Grinder
  3662 | D:4      | Reached skill level 4 in Long Blades
  3662 | D:4      | Gained mutation: You are surrounded by a mild repulsion
                  | field. (EV +2) [demonic ancestry]
  3662 | D:4      | Reached XP level 7. HP: 22/53 MP: 7/7
  3977 | D:5      | Entered Level 5 of the Dungeon
  3992 | D:5      | Reached skill level 5 in Long Blades
  4127 | D:5      | Found a glowing drain.
  4191 | Sewer    | Entered a sewer
  4269 | Sewer    | Reached ** piety under Qazlal
  4537 | D:5      | Reached skill level 6 in Long Blades
  4621 | D:5      | Found a snail-covered altar of Cheibriados.
  4661 | D:5      | Reached XP level 8. HP: 55/60 MP: 8/8
  4680 | D:5      | HP: 3/60 [killer bee (1)]
  4681 | D:5      | HP: 1/60 [poisoned by a killer bee]
  4681 | D:5      | Slain by a killer bee

Illustrated notes

Levels and vault maps discovered:
D:1:      beargit_arrival_greenhouse, layout_basic
D:2:      layout_basic, nrook_loot_triangle, st_stairs_2
D:3:      layout_basic, general_overflow_altar, mainiacjoe_overflow_chevrons,
          mainiacjoe_overflow_tiny_flanked, nzn_hepliaklqana_mist_gate,
          serial_aquarium, aquarium_bridge_square [aquarium_subvault_window,
          aquarium_subvault_balcony, aquarium_subvault_bridge,
          aquarium_subvault_balcony], aquarium_bridge_square
          [aquarium_subvault_wall, aquarium_subvault_bridge,
          aquarium_subvault_bridge, aquarium_subvault_bridge],
          aquarium_window_corridor_2, aquarium_window_fake, aquarium_view_2g,
          aquarium_balcony_3a, minmay_statues_item, minivault_11
D:4:      layout_cave_pools, minmay_temple_entry_wispy, uniq_grinder
D:5:      layout_loops_cross, kennysheep_slug_shrine,
          mainiacjoe_overflow_alcove_1, cheibrodos_sewer_entry_sluice,
          dreamdust_gnoll_farm

Skill      XL: |  1  2  3  4  5  6  7 |
---------------+----------------------+-----
Unarmed Combat | 2 |  2.2
Armour         | 3 4 |  4.6
Shields        | 3 |  3.6
Long Blades    | 2 3 4 6 |  6.5
Fighting       | 4 |  4.2
Dodging        | |  0.8

Action                     |  1- 3 |  4- 6 |  7- 9 || total
---------------------------+-------+-------+-------++-------
  Melee: Unarmed           |    45 |       |       ||    45
         Kick              |     9 |     9 |    11 ||    29
         Double sword      |    13 |    70 |    74 ||   157
   Stab: Distracted        |       |       |     1 ||     1
 Armour: Scale mail        |    24 |    26 |    41 ||    91
  Dodge: Dodged            |    17 |    23 |    50 ||    90
  Block: Buckler           |    10 |    28 |    33 ||    71

Table legend: (Time is in decaauts)
 A = Elapsed time spent in this place.
 B = Non-inter-level travel time spent in this place.
 C = Inter-level travel time spent in this place.
 D = Time resting spent in this place.
 E = Time spent auto-exploring this place.
 F = Levels seen in this place.
 G = Mean time per level.
                   A        B        C        D        E       F      G
               +--------+--------+--------+--------+--------+-----+--------+
         Total |   4735 |   4388 |    347 |   1314 |      0 |   6 |  789.2 |
       Dungeon |   4401 |   4054 |    347 |   1293 |      0 |   5 |  880.2 |
         Sewer |    334 |    334 |      0 |     21 |      0 |   1 |  334.0 |
               +--------+--------+--------+--------+--------+-----+--------+

Top non-repeatable levels by time:
     D:2: 1522 daAuts
     D:4: 865 daAuts
     D:3: 820 daAuts
     D:1: 805 daAuts
     D:5: 387 daAuts
   Sewer: 334 daAuts
